Map: Bridgehead LE (Void)

Players

wabbajack

  • Race: Zerg Zerg
  • League: Gold

IIIIIIIIIIII - Winner!

  • Race: Protoss Protoss
  • League: Bronze

VOD

Have the link to the VOD?

Description

Time

  • Played on: July 21, 2015, 8:40 p.m.
  • Length: 10:00
Show
View Real Time Build Order
Export as new Build Order

wabbajack Zerg 

Build Orders: Hatch First 

Get SALT Encoding   

  12  0:01  Drone  
  13  0:16  Overlord  
  13  0:20  Drone  
  14  0:29  Extractor  
  14  0:30  Drone  
  15  0:40  Drone x2  
  17  0:56  Hatchery  
  16  1:07  Drone x2, Extractor  
  17  1:18  Spawning Pool  
  17  1:23  Drone  
  17  1:25  Drone  
  18  1:33  Drone  
  19  1:45  Overlord  
  19  1:57  Drone  
  20  2:12  Spine Crawler  
  20  2:13  Queen  
  20  2:14  Queen  
  23  2:16  Metabolic Boost  
  23  2:21  Drone  
  24  2:23  Drone  
  24  2:26  Drone  
  24  2:29  Drone  
  27  2:40  Zergling x4  
  27  2:41  Zergling x2  
  27  2:44  Zergling x2  
  31  2:50  Spine Crawler  
  30  2:56  Spine Crawler  
  26  3:19  Zergling x2  
  27  3:20  Zergling x10  
  30  3:30  Drone x4  
  34  3:38  Pneumatized Carapace  
  34  3:41  Baneling Nest  
  31  4:08  Overlord  
  32  4:10  Drone x5  
  35  4:37  Roach Warren  
  28  5:07  Queen  
  28  5:11  Zergling x30  
  31  5:55  Drone x6  
  31  5:56  Drone  
  38  6:10  Baneling  
  38  6:20  Baneling  
  38  6:21  Baneling x6  
  34  7:14  Zergling x2  
  34  7:15  Zergling x18  
  44  7:17  Overlord x4  
  44  7:28  Spine Crawler  
  42  7:30  Spine Crawler  
  42  7:32  Extractor  
  42  7:33  Spine Crawler  
  42  7:34  Extractor  
  25  8:06  Spawning Pool  
  21  8:15  Roach x2  
  21  8:18  Roach  
  23  8:23  Roach  
  25  8:32  Roach x2  
  29  8:34  Drone  
  29  8:35  Drone x3  
  31  8:43  Roach x2  
  31  8:47  Roach  
  35  8:49  Drone x2  
  33  9:20  Queen  
  31  9:33  Roach  
  31  9:34  Roach x4  
Show
View Real Time Build Order
Export as new Build Order

IIIIIIIIIIII Protoss - Winner!

Build Orders: Mass Adepts 

Get SALT Encoding   

  12  0:01  Probe  
  13  0:15  Pylon  
  13  0:17  Probe  
  14  0:33  Probe (Chrono Boost)  
  14  0:34  Gateway  
  16  0:44  Probe (Chrono Boost)  
  16  0:46  Assimilator  
  16  0:50  Probe  
  17  1:02  Probe  
  18  1:05  Gateway  
  18  1:14  Probe  
  19  1:21  Cybernetics Core  
  19  1:26  Probe, Assimilator  
  20  1:37  Pylon  
  20  1:39  Probe  
  21  1:51  Probe  
  22  1:57  Adept  
  22  1:58  Adept, Warp Gate (Chrono Boost)  
  26  2:03  Probe  
  27  2:15  Probe  
  28  2:19  Twilight Council  
  28  2:36  Pylon  
  28  2:43  Gateway  
  28  2:46  Gateway  
  28  3:07  Pylon  
  27  3:52  Adept  
  27  3:53  Adept  
  29  3:57  Probe  
  29  4:00  Shield Upgrade (Chrono Boost)  
  29  4:01  Adept x2  
  32  4:09  Pylon  
  33  4:10  Mothership Core  
  33  4:15  Adept x2  
  38  4:19  Nexus  
  38  4:36  Pylon  
  38  4:43  Probe  
  37  4:52  Adept x4  
  41  4:56  Probe  
  41  5:08  Probe (Chrono Boost)  
  42  5:19  Probe (Chrono Boost), Pylon  
  43  5:25  Probe (Chrono Boost)  
  44  5:35  Adept x3  
  46  5:36  Adept  
  46  5:37  Probe  
  47  5:46  Nexus  
  47  5:57  Pylon  
  47  6:00  Gateway  
  47  6:02  Pylon  
  48  6:11  Probe (Chrono Boost)  
  48  6:18  Pylon  
  48  6:23  Probe (Chrono Boost)  
  49  6:34  Probe (Chrono Boost)  
  49  6:35  Adept x2  
  49  6:36  Adept  
  56  6:53  Pylon  
  44  7:01  Adept x3  
  44  7:07  Probe  
  46  7:11  Probe  
  47  7:31  Probe x2  
  49  7:43  Probe (Chrono Boost)  
  51  7:44  Probe (Chrono Boost)  
  51  7:53  Probe (Chrono Boost)  
  51  7:54  Probe (Chrono Boost)  
  53  8:00  Probe  
  53  8:03  Adept x2  
  58  8:32  Adept x4  
  58  8:33  Probe x2  
  68  8:45  Probe x2 (Chrono Boost)  
  70  8:54  Probe (Chrono Boost)  
  70  8:55  Probe (Chrono Boost)  
  70  9:11  Stalker x3  
  70  9:12  Stalker  
  74  9:17  Probe  
  73  9:32  Pylon  
  73  9:38  Probe x2  
  73  9:39  Stalker x2  
  73  9:40  Stalker  
Tags
 
Add a new tag
Caveats
  • Supply blocks, unpowered buildings, or Contaminate may cause inaccurate times.
  • Supply counts are checked every 10 seconds.